 Dungeon Crawl Stone Soup version 0.25-a0-513-ge77a69270c (webtiles) character file.

Game seed: 12389242077842493163, levelgen mode: deterministic

358 Error4North the Digger (level 6, -7/45 HPs)
             Began as a Demigod Earth Elementalist on Feb 16, 2020.
             Mangled by an iguana (13 damage)
             ... on level 4 of the Dungeon.
             The game lasted 00:27:51 (4092 turns).

Error4North the Digger (Demigod Earth Elementalist) Turns: 4092, Time: 00:27:52

Health: -7/45      AC:  6    Str: 13    XL:     6   Next: 14%
Magic:  7/13       EV: 14    Int: 21    God:
Gold:   147        SH:  0    Dex: 22    Spells: 3/10 levels left

rFire    . . .     SeeInvis .   o - staff of cold
rCold    + . .     Gourm    .   (no shield)
rNeg     . . .     Faith    .   c - +0 robe
rPois    .         Spirit   .   (no helmet)
rElec    .         Reflect  .   e - +0 cloak
rCorr    .         Harm     .   g - +2 pair of gloves
MR       .....                  (no boots)
Stlth    +++.......             (no amulet)
HPRegen  0.15/turn              q - +6 ring of dexterity
MPRegen  0.13/turn              (no ring)

@: berserk cooldown, slowed, very slow
A: high mp 1
a: no special abilities


You were on level 4 of the Dungeon.
You were hungry.

You visited 2 branches of the dungeon, and saw 5 of its levels.

You collected 147 gold pieces.

Inventory:

Missiles
 a - 55 sling bullets
 b - 27 stones (quivered)
 F - 34 arrows
Armour
 c - a +0 robe (worn)
 e - a +0 cloak (worn)
 g - a +2 pair of gloves (worn)
Magical Staves
 o - an uncursed staff of cold (weapon)
Jewellery
 q - a +6 ring of dexterity (left hand)
 v - a +4 ring of protection {unknown}
 w - an uncursed ring of fire {unknown}
 x - an uncursed ring of see invisible
 C - a +3 ring of intelligence {unknown}
Scrolls
 f - 3 scrolls of enchant weapon {unknown}
 j - 2 scrolls of teleportation {unknown}
 m - 2 scrolls of magic mapping {unknown}
 r - a scroll of random uselessness {unknown}
 s - a scroll of immolation {unknown}
 y - 2 scrolls of fear {unknown}
 B - a scroll of amnesia {unknown}
 E - 2 scrolls of remove curse {unknown}
Potions
 h - a potion of lignification
 l - a potion of mutation {unknown}
 n - 2 potions of brilliance {unknown}
 p - a potion of ambrosia {unknown}
 t - a potion of flight {unknown}
 u - a potion of might {unknown}
 z - 3 potions of curing {unknown}
 D - a potion of haste {unknown}
Comestibles
 d - 5 rations


   Skills:
 + Level 0.1 Fighting
   Level 0.1(0.6) Maces & Flails
 * Level 1.0(1.1) Staves
 * Level 2.7 Dodging
 * Level 2.7 Stealth
 * Level 1.8 Unarmed Combat
 + Level 2.7 Spellcasting
 * Level 1.9 Transmutations
 + Level 3.7 Earth Magic
 * Level 1.5 Evocations


You had 3 spell levels left.
You knew the following spells:

 Your Spells              Type           Power        Failure   Level  Hunger
a - Sandblast             Erth           ###...       3%          1    None
b - Passwall              Tmut/Erth      ##......     6%          2    ##.....
c - Beastly Appendage     Tmut           ##....       6%          1    None
d - Stone Arrow           Conj/Erth      ##....       19%         3    ###....

Your spell library contained the following spells:

 Spells                   Type           Power        Failure   Level  Hunger
 Sticks to Snakes         Tmut           ##......     10%         2    ##.....
 Magic Dart               Conj           #...         14%         1    None
 Blink                    Tloc           N/A          21%         2    ##.....
 Call Imp                 Summ           #.......     21%         2    ##.....
 Slow                     Hex            #.......     21%         2    ##.....
 Spider Form              Tmut/Pois      #.........   28%         3    ###....
 Confusing Touch          Hex            #.......     38%         3    ###....
 Conjure Flame            Conj/Fire      #.......     38%         3    ###....
 Gell's Gravitas          Tloc           #.........   38%         3    ###....
 Mephitic Cloud           Conj/Pois/Air  #.......     38%         3    ###....
 Petrify                  Tmut/Erth      ##......     38%         4    ####...
 Lee's Rapid Deconstruct  Erth           ###.......   63%         5    ######.
 Ice Form                 Ice/Tmut       ##......     67%         4    ####...
 Blade Hands              Tmut           ##........   86%         5    ######.
 Yara's Violent Unravell  Hex/Tmut       #.........   95%         5    ######.
 Metabolic Englaciation   Hex/Ice        #.........   98%         5    ######.


Dungeon Overview and Level Annotations

Branches:
Dungeon (4/15)             Temple (1/1) D:4

Annotations:
D:4 2 transporters, Rasan's ghost, amateur MfFi


Innate Abilities, Weirdness & Mutations

You have an increased reservoir of magic. (+10% MP)


Message History

You feel a strong urge to attack something.
You are no longer berserk.
You are exhausted.
You feel yourself slow down. The gnoll hits you but does no damage.
The iguana hisses menacingly.
All of the chunks of flesh in your inventory have rotted away.
The gnoll closely misses you. The gnoll misses you.
There is a stone staircase leading down here.
The gnoll misses you. The gnoll hits you but does no damage.
The gnoll barely misses you. The gnoll hits you with a +0 dagger.
* * * LOW HITPOINT WARNING * * *
You feel a little less agile now. The gnoll misses you. The iguana misses you.
The gnoll hits you but does no damage. The iguana bites you!
You die...

#.##.### #.# #.##.......
#.##...###.###.###...###
#..........#............
#..#.#.#####............
#..#.#.# #............
#..#.#.# #.....>......
#..#.#.#####........###.
##########.....g........)....#
#.
#...>..........l@............#
#.
#.#########.########.....###.#
#. #.# #.# #.#.<.....# #. #.#
#######.# #####.#.####### #.
#.# #.......# #...#.#.# ## #.#
#.####### #.>.#.#[# #### #.#
#.# #)..#)#.# #... ..# #.#
#..##.#.# #.## #####.###
##....#.# #.#


You could see an iguana and a gnoll.

Vanquished Creatures
  An ogre (D:4)
  A gnoll sergeant (D:4)
  5 gnolls
  6 adders
  3 oozes
  2 worms (D:3)
  5 dart slugs
  6 leopard geckos
  2 orcs (D:3)
  A ball python (D:3)
  4 giant cockroaches
  9 hobgoblins
  2 jackals (D:1)
  A quokka (D:4)
  7 bats
  6 frilled lizards
  3 goblins (D:1)
  11 kobolds
  5 rats
80 creatures vanquished.

Notes
Turn   | Place    | Note
-------+----------+-------------------------------------------
     0 | D:1      | Error4North the Demigod Earth Elementalist began the quest
                  | for the Orb.
     0 | D:1      | Reached XP level 1. HP: 14/14 MP: 5/5
   563 | D:1      | Reached XP level 2. HP: 16/20 MP: 7/7
   664 | D:1      | Learned a level 2 spell: Passwall
   682 | D:1      | Reached skill level 3 in Earth Magic
   844 | D:1      | Reached skill level 1 in Transmutations
  1273 | D:1      | Reached XP level 3. HP: 11/26 MP: 3/8
  1680 | D:2      | Reached skill level 1 in Unarmed Combat
  1973 | D:2      | Reached XP level 4. HP: 33/33 MP: 7/9
  2316 | D:3      | You fall into a shaft and drop 1 floor!
  2316 | D:4      | Noticed a gnoll sergeant
  2346 | D:4      | Found a staircase to the Ecumenical Temple.
  2371 | D:4      | Reached skill level 1 in Evocations
  2393 | Temple   | Entered the Ecumenical Temple
  2550 | D:3      | Learned a level 1 spell: Beastly Appendage
  2554 | D:3      | Learned a level 3 spell: Stone Arrow
  2784 | D:3      | Found a glowing golden altar of the Shining One.
  2868 | D:3      | Found a faded altar of an unknown god.
  3192 | D:3      | Reached XP level 5. HP: 28/38 MP: 6/11
  3576 | D:4      | Noticed an ogre
  3667 | D:4      | Found a transporter.
  3696 | D:4      | Noticed Rasan's ghost (amateur MfFi)
  3706 | D:4      | Identified the +11 halberd "Spiderslayer" {pain, Int+3}
  3765 | D:4      | Killed an ogre
  3792 | D:4      | Found a transporter.
  4066 | D:4      | Reached skill level 1 in Staves
  4066 | D:4      | Reached XP level 6. HP: 12/45 MP: 3/13
  4092 | D:4      | Mangled by an iguana

Levels and vault maps discovered:
D:1:      ncdulo_smallfort, layout_basic
D:2:      layout_loops_ring, first_ration
D:3:      layout_basic, tso_altar, chequers_ecumenical_altar_grove
D:4:      layout_loops_ring, lemuel_round_altar, minmay_temple_entry_offerings,
          gammafunk_ghost_gnarly_gnolls
Temple:   jpeg_temple_alley_garden

Skill      XL: |  1  2  3  4  5 |
---------------+----------------+-----
Spellcasting   | 2 |  2.7
Earth Magic    | 3 |  3.7
Transmutations | 1 |  1.9
Dodging        | 2 |  2.7
Stealth        | 2 |  2.7
Unarmed Combat | 1 |  1.8
Evocations     | 1 |  1.5
Staves         | 1 |  1.0
Fighting       | |  0.1
Maces & Flails | |  0.1

Action                   |  1- 3 |  4- 6 || total
-------------------------+-------+-------++-------
Melee: Club              |    60 |       ||    60
       Unarmed           |     3 |       ||     3
       Staff             |    32 |   102 ||   134
       Kick              |       |     7 ||     7
       Punch             |       |     1 ||     1
 Cast: Sandblast         |    26 |    63 ||    89
       Stone Arrow       |       |     4 ||     4
       Beastly Appendage |       |     3 ||     3
  Use: Scroll            |     1 |     1 ||     2
       Potion            |       |     3 ||     3
 Stab: Sleeping          |     6 |     5 ||    11
  Eat: Chunk             |     4 |     3 ||     7
       Ration            |       |     1 ||     1
Armor: Robe              |    27 |    24 ||    51
       Skin              |       |    20 ||    20
Dodge: Dodged            |    81 |    81 ||   162

Table legend:
 A = Non-vault XP
 B = Vault XP
 C = Vault XP percentage of total XP
 D = Non-vault monster count
 E = Vault monster count
 F = Vault count percentage of total count
                 A         B        C        D         E       F
            +---------+---------+-------+---------+---------+-------
      Total |     512 |       0 |   0.0 |      80 |       0 |   0.0
            +---------+---------+-------+---------+---------+-------
        D:1 |      50 |       0 |   0.0 |      26 |       0 |   0.0
        D:2 |     100 |       0 |   0.0 |      22 |       0 |   0.0
        D:3 |     102 |       0 |   0.0 |      25 |       0 |   0.0
        D:4 |     260 |       0 |   0.0 |       7 |       0 |   0.0
            +---------+---------+-------+---------+---------+-------
